AA
SACRAMENTO AMISH @ CAMDEN SAND TIGERS
06/10/2060
 
TOP OF THE 1ST
Sacramento Amish batting - Pitching for Camden Sand Tigers : LHP Trevor Doster
Pitching: LHP Trevor Doster
Batting: RHB Blake Allen 0-0: Swinging Strike
0-1: Ball
1-1: Foul Ball, location: 2F
1-2: Ball
2-2: Foul Ball, location: 2F
2-2: Foul Ball, location: 2F
2-2: Ball
3-2: Foul Ball, location: 2F
3-2: Foul Ball, location: 2F
3-2: DOUBLE (Groundball, 5L, EV 101.2 MPH)
Batting: RHB Rory Elia Jr. 0-0: SINGLE (Flyball, 4D, EV 94.4 MPH)
Blake Allen to third
Batting: SHB Brady Hill 0-0: Ball
1-0: Ball
2-0: Grounds into double play, 6-4-3 (Groundball, 6, EV 104.4 MPH)
Blake Allen scores
Batting: RHB Adrian Gramling 0-0: Ball
1-0: Ball
2-0: Ball
3-0: Called Strike
3-1: Foul Ball, location: 2F
3-2: Base on Balls
Batting: RHB Shelton Gallegos 0-0: Called Strike
0-1: Ball
1-1: Ball
2-1: Fly out, F7 (Flyball, 7LS, EV 84.4 MPH)
Top of the 1st over - 1 run, 2 hits, 0 errors, 1 left on base; Sacramento 1 - Camden 0
BOTTOM OF THE 1ST
Camden Sand Tigers batting - Pitching for Sacramento Amish : RHP Joshua Pinkston
Pitching: RHP Joshua Pinkston
Batting: SHB Jared Manning 0-0: Ball
1-0: Swinging Strike
1-1: Swinging Strike
1-2: Strikes out looking
Batting: RHB Cale Bacon 0-0: Ball
1-0: Called Strike
1-1: Foul Ball, location: 2F
1-2: SINGLE (Groundball, 4MD, EV 105.0 MPH)
Batting: RHB Arel Dennis 0-0: Ball
1-0: Ball
2-0: Ball
3-0: Called Strike
3-1: Foul Ball, location: 2F
3-2: Base on Balls
Cale Bacon to second
Batting: RHB Gregory Hofheins 0-0: Ball
1-0: Foul Ball, location: 2F
1-1: Ball
2-1: Ball
3-1: Ground out 5-3 (Groundball, 56S, EV 67.5 MPH)
Cale Bacon to third
Arel Dennis to second
Batting: LHB Cody Griggs 0-0: Ball
1-0: Called Strike
1-1: Ground out 6-3 (Groundball, 56D, EV 96.9 MPH)
Bottom of the 1st over - 0 runs, 1 hit, 0 errors, 2 left on base; Sacramento 1 - Camden 0
TOP OF THE 2ND
Sacramento Amish batting - Pitching for Camden Sand Tigers : LHP Trevor Doster
Batting: RHB Nickolas Keyes 0-0: DOUBLE (Flyball, 8LXD, EV 111.9 MPH)
Batting: RHB Stefan Flynn 0-0: Swinging Strike
0-1: Called Strike
0-2: Foul Ball, location: 2F
0-2: Ball
1-2: Foul Ball, location: 2F
1-2: Foul Ball, location: 2F
1-2: Ball
2-2: Ball
3-2: Base on Balls
Batting: RHB Marcus McGraw 0-0: Ball
1-0: Called Strike
1-1: Foul Ball, location: 2F
1-2: Foul Ball, location: 2F
1-2: SINGLE (Groundball, 34, EV 99.4 MPH)
Nickolas Keyes to third
Stefan Flynn to second
Batting: RHB Louis Leighton 0-0: Ball
1-0: Ball
2-0: Called Strike
2-1: Ball
3-1: Foul Ball, location: 2F
3-2: Strikes out swinging
Batting: RHB Blake Allen 0-0: Ball
1-0: Swinging Strike
1-1: Called Strike
1-2: Strikes out swinging
Batting: RHB Rory Elia Jr. 0-0: Ball
1-0: Swinging Strike
1-1: Foul Ball, location: 2F
1-2: Ball
2-2: Foul Ball, location: 2F
2-2: Ground out 5-3 (Groundball, 56S, EV 70.0 MPH)
Top of the 2nd over - 0 runs, 2 hits, 0 errors, 3 left on base; Sacramento 1 - Camden 0
BOTTOM OF THE 2ND
Camden Sand Tigers batting - Pitching for Sacramento Amish : RHP Joshua Pinkston
Batting: RHB Owen Orth 0-0: Called Strike
0-1: Ball
1-1: Foul Ball, location: 2F
1-2: Ball
2-2: Ground out 1-3 (Groundball, 13S, EV 61.9 MPH)
Batting: LHB Bradley Campbell 0-0: Foul Ball, location: 2F
0-1: Ball
1-1: Foul Ball, location: 2F
1-2: Reached on error, E3 (Groundball, 3, EV 96.9 MPH)
Batting: RHB Devin Brazelton 0-0: Called Strike
0-1: Fly out, F8 (Flyball, 8LM, EV 76.9 MPH)
Batting: RHB Sylvester Krantz 0-0: Fielders Choice at 2nd, 6-4 (Groundball, 56, EV 77.5 MPH)
Bottom of the 2nd over - 0 runs, 0 hits, 1 error, 1 left on base; Sacramento 1 - Camden 0
TOP OF THE 3RD
Sacramento Amish batting - Pitching for Camden Sand Tigers : LHP Trevor Doster
Batting: SHB Brady Hill 0-0: Ball
1-0: Foul Ball, location: 2F
1-1: Ground out 6-3 (Groundball, 6, EV 98.8 MPH)
Batting: RHB Adrian Gramling 0-0: Ball
1-0: Foul Ball, location: 2F
1-1: Called Strike
1-2: Fly out, F7 (Flyball, 7LD, EV 99.4 MPH)
Batting: RHB Shelton Gallegos 0-0: Swinging Strike
0-1: Ball
1-1: SINGLE (Line Drive, 78S, EV 106.2 MPH)
Batting: RHB Nickolas Keyes 0-0: Ball
1-0: Ball
2-0: Fly out, F9 (Flyball, 9, EV 82.5 MPH)
Top of the 3rd over - 0 runs, 1 hit, 0 errors, 1 left on base; Sacramento 1 - Camden 0
BOTTOM OF THE 3RD
Camden Sand Tigers batting - Pitching for Sacramento Amish : RHP Joshua Pinkston
Batting: SHB Jared Manning 0-0: Called Strike
0-1: Ball
1-1: Foul Ball, location: 2F
1-2: Strikes out swinging
Batting: RHB Cale Bacon 0-0: Ball
1-0: Swinging Strike
1-1: Foul Ball, location: 2F
1-2: DOUBLE (Flyball, 89XD, EV 105.6 MPH)
Batting: RHB Arel Dennis 0-0: Fly out, F9 (Flyball, 89D, EV 96.9 MPH)
Batting: RHB Gregory Hofheins 0-0: Called Strike
0-1: Foul Ball, location: 2F
0-2: Ball
1-2: 2-RUN HOME RUN (Flyball, 7D, EV 95.6 MPH), Distance : 373 ft
Batting: LHB Cody Griggs 0-0: Ball
1-0: Ball
2-0: Foul Ball, location: 2F
2-1: Ball
3-1: Called Strike
3-2: Ground out 4-3 (Groundball, 34, EV 86.2 MPH)
Bottom of the 3rd over - 2 runs, 2 hits, 0 errors, 0 left on base; Sacramento 1 - Camden 2
TOP OF THE 4TH
Sacramento Amish batting - Pitching for Camden Sand Tigers : LHP Trevor Doster
Batting: RHB Stefan Flynn 0-0: Called Strike
0-1: Ball
1-1: Called Strike
1-2: Ball
2-2: Foul Ball, location: 2F
2-2: Strikes out looking
Batting: RHB Marcus McGraw 0-0: Called Strike
0-1: Ball
1-1: Foul Ball, location: 2F
1-2: Ball
2-2: Strikes out looking
Batting: RHB Louis Leighton 0-0: Foul Ball, location: 2F
0-1: Ball
1-1: SINGLE (Line Drive, 6MD, EV 104.4 MPH)
Batting: RHB Blake Allen 0-0: Swinging Strike
0-1: Called Strike
0-2: Foul Ball, location: 2F
0-2: Foul Ball, location: 2F
0-2: Ball
1-2: Strikes out looking
Top of the 4th over - 0 runs, 1 hit, 0 errors, 1 left on base; Sacramento 1 - Camden 2
BOTTOM OF THE 4TH
Camden Sand Tigers batting - Pitching for Sacramento Amish : RHP Joshua Pinkston
Batting: RHB Owen Orth 0-0: Ball
1-0: Ball
2-0: DOUBLE (Flyball, 8RXD, EV 106.9 MPH)
Batting: LHB Bradley Campbell 0-0: Swinging Strike
0-1: Foul Ball, location: 2F
0-2: Foul Ball, location: 2F
0-2: Ball
1-2: Strikes out swinging
Batting: RHB Devin Brazelton 0-0: Swinging Strike
0-1: Ball
1-1: Foul Ball, location: 2F
1-2: Foul Ball, location: 2F
1-2: Foul Ball, location: 2F
1-2: Ball
2-2: Ground out 6-3 (Groundball, 56, EV 100.0 MPH)
Batting: RHB Sylvester Krantz 0-0: Ball
1-0: Fly out, F8 (Flyball, 8RM, EV 81.2 MPH)
Bottom of the 4th over - 0 runs, 1 hit, 0 errors, 1 left on base; Sacramento 1 - Camden 2
TOP OF THE 5TH
Sacramento Amish batting - Pitching for Camden Sand Tigers : LHP Trevor Doster
Batting: RHB Rory Elia Jr. 0-0: Ball
1-0: Ball
2-0: Ball
3-0: Base on Balls
Batting: SHB Brady Hill 0-0: Ball
1-0: Ball
2-0: Fly out, F8 (Flyball, 8RM, EV 72.5 MPH)
Batting: RHB Adrian Gramling 0-0: Called Strike
0-1: Ball
1-1: Swinging Strike
1-2: Foul Ball, location: 2F
1-2: SINGLE (Flyball, 89S, EV 91.2 MPH)
Rory Elia Jr. to second
Runner from 2nd tries for 3rd, OUT! 8-5
Batting: RHB Shelton Gallegos 0-0: Foul Ball, location: 2F
0-1: Ball
1-1: Swinging Strike
1-2: Strikes out swinging
Top of the 5th over - 0 runs, 1 hit, 0 errors, 1 left on base; Sacramento 1 - Camden 2
BOTTOM OF THE 5TH
Camden Sand Tigers batting - Pitching for Sacramento Amish : RHP Joshua Pinkston
Batting: SHB Jared Manning 0-0: Swinging Strike
0-1: Foul Ball, location: 2F
0-2: Strikes out swinging
Batting: RHB Cale Bacon 0-0: Called Strike
0-1: Ball
1-1: SINGLE (Flyball, 8LS, EV 89.4 MPH)
Batting: RHB Arel Dennis 0-0: Swinging Strike
0-1: Swinging Strike
0-2: Strikes out swinging
Batting: RHB Gregory Hofheins 0-0: Ball
1-0: Called Strike
1-1: Ball
2-1: Fly out, F6 (Popup, 6M, EV 76.9 MPH)
Bottom of the 5th over - 0 runs, 1 hit, 0 errors, 1 left on base; Sacramento 1 - Camden 2
TOP OF THE 6TH
Sacramento Amish batting - Pitching for Camden Sand Tigers : LHP Trevor Doster
Batting: RHB Nickolas Keyes 0-0: Called Strike
0-1: Ball
1-1: Ball
2-1: Called Strike
2-2: Foul Ball, location: 2F
2-2: Ground out 5-3 (Groundball, 56, EV 108.1 MPH)
Batting: RHB Stefan Flynn 0-0: Ball
1-0: Ball
2-0: Ball
3-0: Called Strike
3-1: Foul Ball, location: 2F
3-2: Base on Balls
Pitching: LHP Travis Kastelic
Batting: RHB Marcus McGraw 0-0: Called Strike
0-1: Swinging Strike
0-2: Strikes out looking
Batting: RHB Louis Leighton 0-0: Called Strike
Stefan Flynn is caught stealing 2nd base 2-4
Top of the 6th over - 0 runs, 0 hits, 0 errors, 0 left on base; Sacramento 1 - Camden 2
BOTTOM OF THE 6TH
Camden Sand Tigers batting - Pitching for Sacramento Amish : RHP Joshua Pinkston
Batting: LHB Cody Griggs 0-0: Swinging Strike
0-1: Foul Ball, location: 2F
0-2: Ball
1-2: Ball
2-2: Strikes out looking
Batting: RHB Owen Orth 0-0: Ball
1-0: Ball
2-0: Swinging Strike
2-1: Foul Ball, location: 2F
2-2: Strikes out swinging
Batting: LHB Bradley Campbell 0-0: Ground out 4-3 (Groundball, 4S, EV 84.4 MPH)
Bottom of the 6th over - 0 runs, 0 hits, 0 errors, 0 left on base; Sacramento 1 - Camden 2
TOP OF THE 7TH
Sacramento Amish batting - Pitching for Camden Sand Tigers : LHP Travis Kastelic
Batting: RHB Louis Leighton 0-0: Called Strike
0-1: Swinging Strike
0-2: Strikes out looking
Batting: RHB Blake Allen 0-0: Ball
1-0: Ball
2-0: Ball
3-0: Base on Balls
Batting: RHB Rory Elia Jr. 0-0: Called Strike
Blake Allen is caught stealing 2nd base 2-4
0-1: Ball
1-1: Called Strike
1-2: Ball
2-2: Ball
3-2: Base on Balls
Batting: SHB Brady Hill 0-0: Ball
Rory Elia Jr. is caught stealing 2nd base 2-4
Top of the 7th over - 0 runs, 0 hits, 0 errors, 0 left on base; Sacramento 1 - Camden 2
BOTTOM OF THE 7TH
Camden Sand Tigers batting - Pitching for Sacramento Amish : RHP Joshua Pinkston
Batting: RHB Devin Brazelton 0-0: Ball
1-0: Ball
2-0: Ball
3-0: Base on Balls
Batting: RHB Sylvester Krantz 0-0: Bunted foul
0-1: Ball
1-1: Sac Bunt to 23 - play at first, batter OUT! 3-4
Devin Brazelton to second
Pitching: RHP Sean East
Batting: SHB Jared Manning 0-0: Ball
1-0: Ball
2-0: Foul Ball, location: 2F
2-1: Ball
3-1: SINGLE (Line Drive, 7LS, EV 86.2 MPH)
Devin Brazelton to third
Batting: RHB Cale Bacon 0-0: Swinging Strike
0-1: Grounds into double play, 6-4-3 (Groundball, 6S, EV 79.4 MPH)
Bottom of the 7th over - 0 runs, 1 hit, 0 errors, 1 left on base; Sacramento 1 - Camden 2
TOP OF THE 8TH
Sacramento Amish batting - Pitching for Camden Sand Tigers : LHP Travis Kastelic
Now at 1B: Arel Dennis
Now in RF: Joey King
Batting: SHB Brady Hill 0-0: Foul Ball, location: 2F
0-1: Swinging Strike
0-2: Foul Ball, location: 2F
0-2: SINGLE (Line Drive, 7S, EV 100.0 MPH)
Batting: RHB Adrian Gramling 0-0: Grounds into double play, 6-4-3 (Groundball, 6, EV 105.0 MPH)
Batting: RHB Shelton Gallegos 0-0: Ball
1-0: Ball
2-0: Called Strike
2-1: SINGLE (Groundball, 6M, EV 83.8 MPH) (infield hit)
Batting: RHB Nickolas Keyes 0-0: Fly out, F6 (Line Drive, 6, EV 68.8 MPH)
Top of the 8th over - 0 runs, 2 hits, 0 errors, 1 left on base; Sacramento 1 - Camden 2
BOTTOM OF THE 8TH
Camden Sand Tigers batting - Pitching for Sacramento Amish : RHP Sean East
Batting: RHB Arel Dennis 0-0: Fly out, F6 (Popup, 15S, EV 88.8 MPH)
Batting: RHB Joey King 0-0: Called Strike
0-1: Ball
1-1: Ball
2-1: Ball
3-1: Foul Ball, location: 2F
3-2: SINGLE (Line Drive, 9S, EV 93.1 MPH)
Batting: LHB Cody Griggs 0-0: Ball
1-0: Ball
2-0: Foul Ball, location: 2F
2-1: Grounds into double play, 6-4-3 (Groundball, 6, EV 93.8 MPH)
Bottom of the 8th over - 0 runs, 1 hit, 0 errors, 0 left on base; Sacramento 1 - Camden 2
TOP OF THE 9TH
Sacramento Amish batting - Pitching for Camden Sand Tigers : LHP Travis Kastelic
Batting: RHB Stefan Flynn 0-0: Ball
1-0: Foul Ball, location: 2F
1-1: Swinging Strike
1-2: Foul Ball, location: 2F
1-2: Ball
2-2: SOLO HOME RUN (Flyball, 8RXD, EV 109.4 MPH), Distance : 453 ft
Batting: RHB Marcus McGraw 0-0: Ball
1-0: Foul Ball, location: 2F
1-1: Foul Ball, location: 2F
1-2: Foul Ball, location: 2F
1-2: Ball
2-2: Ball
3-2: Base on Balls
Pitching: RHP Gavin Rosnick
Pinch Hitting: SHB Jackie Smitherman 0-0: Ball
1-0: Ball
2-0: Called Strike
2-1: Foul Ball, location: 2F
2-2: Grounds into double play, 3-6-1 (Groundball, 3, EV 107.5 MPH)
Batting: RHB Blake Allen 0-0: Ball
1-0: Ball
2-0: Ball
3-0: Called Strike
3-1: Foul Ball, location: 2F
3-2: Strikes out swinging
Top of the 9th over - 1 run, 1 hit, 0 errors, 0 left on base; Sacramento 2 - Camden 2
BOTTOM OF THE 9TH
Camden Sand Tigers batting - Pitching for Sacramento Amish : RHP Sean East
Now at 2B: Cole Boudreaux
Batting: RHB Owen Orth 0-0: Swinging Strike
0-1: Called Strike
0-2: Strikes out swinging
Batting: LHB Bradley Campbell 0-0: Foul Ball, location: 2F
0-1: Ball
1-1: Reached on error, E5 (Groundball, 5L, EV 77.5 MPH)
Pinch Hitting: SHB Evan Doyon 0-0: Intentional Walk
Pinch Hitting: RHB Garick Rieck 0-0: Called Strike
0-1: Ball
1-1: Ball
2-1: Foul Ball, location: 2F
2-2: Ground out 3-1 (Groundball, 34S, EV 64.4 MPH)
Bradley Campbell to third
Evan Doyon to second
Pitching: LHP Ervin Lee
Batting: SHB Jared Manning 0-0: Called Strike
0-1: Ground out 5-3 (Groundball, 56, EV 83.8 MPH)
Bottom of the 9th over - 0 runs, 0 hits, 1 error, 2 left on base; Sacramento 2 - Camden 2
TOP OF THE 10TH
Sacramento Amish batting - Pitching for Camden Sand Tigers : RHP Gavin Rosnick
Now at C: Al Schaut
Now at 2B: Horton bin Najm al Din
Batting: RHB Rory Elia Jr. 0-0: Ball
1-0: Reached on error, E5 (Groundball, 25, EV 84.4 MPH)
Batting: SHB Brady Hill 0-0: Ball
1-0: Ball
2-0: Ball
3-0: Called Strike
3-1: Base on Balls
Pitching: LHP Lucious Shaw
Batting: RHB Adrian Gramling 0-0: Ball
1-0: Ball
2-0: Ball
3-0: Base on Balls
Rory Elia Jr. to third
Brady Hill to second
Batting: RHB Shelton Gallegos 0-0: Foul Ball, location: 2F
0-1: Fly out, F7 (Line Drive, 78M, EV 92.5 MPH)
Batting: RHB Nickolas Keyes 0-0: Called Strike
0-1: Ball
1-1: Foul Ball, location: 2F
1-2: Fly out, F8 (Flyball, 8LXD, EV 101.2 MPH)
Runner from 3rd tags up, SCORES, no throw by CF
Brady Hill to third
Batting: RHB Stefan Flynn 0-0: Called Strike
0-1: Hit by Pitch
Adrian Gramling to second
Batting: RHB Marcus McGraw 0-0: SINGLE (Line Drive, 56D, EV 96.2 MPH)
Brady Hill scores
Adrian Gramling to third
Stefan Flynn to second
Runner from 3rd tries for Home, SAFE, throw by LF to home
Batting: RHB Cole Boudreaux 0-0: Ball
1-0: Ball
2-0: Ball
3-0: Called Strike
3-1: Base on Balls
Stefan Flynn to third
Marcus McGraw to second
Batting: RHB Blake Allen 0-0: Ball
1-0: Called Strike
1-1: Swinging Strike
1-2: Ball
2-2: Strikes out swinging
Top of the 10th over - 3 runs, 1 hit, 1 error, 3 left on base; Sacramento 5 - Camden 2
BOTTOM OF THE 10TH
Camden Sand Tigers batting - Pitching for Sacramento Amish : LHP Ervin Lee
Batting: RHB Cale Bacon 0-0: Ground out 5-3 (Groundball, 5, EV 85.6 MPH)
Batting: RHB Arel Dennis 0-0: Foul Ball, location: 2F
0-1: Called Strike
0-2: Ball
1-2: Ground out 3-1 (Groundball, 34, EV 87.5 MPH)
Batting: RHB Joey King 0-0: Ball
1-0: Ball
2-0: Foul Ball, location: 2F
2-1: Foul Ball, location: 2F
2-2: Ball
3-2: Fly out, F7 (Flyball, 7LM, EV 93.8 MPH)
Bottom of the 10th over - 0 runs, 0 hits, 0 errors, 0 left on base; Sacramento 5 - Camden 2
Tuesday, May 7th , 2024 - OOTP Baseball 23.10 Build 110